Map: Ley Lines

Players

Vaisravana

  • Race: Protoss Protoss
  • Spawn Location: 7:00

A.I. 1 (Very Easy) - Winner!

  • Race: Zerg Zerg
  • Spawn Location: 1:00

VOD

Have the link to the VOD?

Description

Time

  • Played on: Aug. 4, 2025, 10:08 a.m.
  • Length: 5:08
Show
View Real Time Build Order
Export as new Build Order

Vaisravana Protoss 

Build Orders: 1 Gate Expand 

Get SALT Encoding   

  12  0:00  Probe  
  13  0:12  Probe  
  14  0:19  Pylon  
  14  0:24  Probe  
  15  0:34  Probe  
  15  0:38  Gateway  
  15  0:42  Probe  
  16  0:47  Assimilator  
  17  0:51  Probe  
  18  1:03  Probe  
  19  1:15  Probe  
  20  1:26  Cybernetics Core  
  20  1:34  Nexus  
  20  1:40  Probe  
  20  1:44  Pylon  
  21  1:52  Adept, Probe  
  21  1:54  Assimilator  
  22  2:03  Warp Gate  
  22  2:06  Probe  
  25  2:19  Stalker, Probe  
  28  2:34  Robotics Facility  
  28  2:37  Probe  
  29  2:46  Probe  
  29  2:49  Probe  
  31  3:02  Gateway x2  
  31  3:05  Gateway, Probe  
  32  3:07  Probe  
  32  3:12  Warp Prism  
  33  3:17  Probe  
  33  3:19  Probe  
  37  3:27  Pylon  
  37  3:30  Probe  
  37  3:31  Probe  
  39  3:45  Gateway  
  39  3:47  Gateway  
  39  3:51  Stalker  
  41  3:56  Stalker  
  41  4:00  Pylon  
  43  4:07  Stalker x2  
  47  4:29  Stalker  
  47  4:30  Stalker x3  
  55  4:33  Pylon  
  55  4:50  Stalker x2  
  59  4:53  Stalker  
  59  4:55  Zealot x3  
Show
View Real Time Build Order
Export as new Build Order

A.I. 1 (Very Easy) Zerg - Winner!

Build Orders: Pool Only 

Get SALT Encoding   

  12  0:01  Drone  
  13  0:12  Overlord  
  13  0:16  Drone  
  14  0:35  Spawning Pool  
  13  0:37  Extractor  
  13  0:40  Drone  
  13  0:47  Drone  
  14  0:53  Overlord  
  14  1:23  Queen, Zergling x2  
  17  1:35  Roach Warren  
  17  1:37  Drone  
  17  1:42  Extractor  
  17  1:46  Drone  
  17  1:52  Zergling x2  
  18  2:04  Drone  
  19  2:11  Drone  
  20  2:20  Drone  
  20  2:21  Zergling x2  
  22  2:30  Overlord  
  22  2:34  Drone  
  23  2:41  Drone  
  24  2:48  Drone  
  24  2:51  Roach  
  27  4:44  Zergling x2  
Tags
 
Add a new tag
Caveats
  • Supply blocks, unpowered buildings, or Contaminate may cause inaccurate times.
  • Supply counts are checked every 10 seconds.